 Dungeon Crawl Stone Soup version 0.31-a0-934-gf4fcaacff8 (webtiles) character file.

Game seed: 15540901344195525550

135804 Gargoyl the Severer (level 17, -14/189 HPs)
             Began as a Gargoyle Berserker on Oct 19, 2023.
             Was an Elder of Trog.
             Shot with a bolt by a yaktaur captain (27 damage)
             ... on level 2 of the Vaults on Oct 20, 2023.
             The game lasted 00:30:21 (19481 turns).

Gargoyl the Severer (Gargoyle Berserker)           Turns: 19481, Time: 00:30:21

Health: -14/189    AC: 33    Str: 21    XL:     17   Next: 20%
Magic:  17/17      EV: 19    Int:  8    God:    Trog [****..]
Gold:   1668       SH: 13    Dex: 13    Spells: 16/16 levels left

rFire   . . .        x - +7 war axe (venom)
rCold   + + .        g - +1 buckler
rNeg    + . .        t - +0 plate armour {rC+}
rPois   ∞            (no helmet)
rElec   +            H - +2 cloak
rCorr   .            q - +0 pair of gloves
SInv    .            (no boots)
Will    +++..        S - amulet of reflection Stlth
                     d - +5 ring of evasion
HPRegen 1.51/turn    n - ring "Amymev" {rC+ EV+5}
MPRegen 0.15/turn

%: reflection
@: berserking, marked, strong-willed (expiring), flying, regenerating
(expiring), very quick
A: sickness immunity, AC +12, big wings, negative energy resistance 1,
electricity resistance, torment resistance 1, petrification resistance, clumsy
1, dopey 1, robust 1
a: Renounce Religion, Berserk, Trog's Hand, Brothers in Arms


You were on level 2 of the Vaults.
You worshipped Trog.
Trog was greatly pleased with you.
You visited 4 branches of the dungeon, and saw 20 of its levels.
You also visited: Ossuary.

You collected 2388 gold pieces.
You spent 720 gold pieces at shops.

Inventory:

Hand Weapons
 s - a +6 hand axe of freezing
 x - a +7 war axe of venom (weapon)
 U - a +3 broad axe
Missiles
 z - 24 poisoned darts (quivered)
 E - 6 throwing nets
Armour
 g - a +1 buckler (worn)
 o - a +2 helmet
 q - a +0 pair of gloves (worn)
 t - a +0 plate armour of cold resistance (worn)
 H - a +2 cloak (worn)
Jewellery
 d - a +5 ring of evasion (left hand)
 f - an amulet of regeneration
 n - the ring "Amymev" (right hand) {rC+ EV+5}
   (You found it on level 3 of the Dungeon)

   [ring of evasion]

   EV+5:      It affects your evasion (+5).
   rC+:       It protects you from cold.
 S - an amulet of reflection (around neck)
 T - a ring of protection from cold
Wands
 i - a wand of flame (47)
 k - a wand of digging (9)
 G - a wand of acid (7)
 L - a wand of polymorph (4)
 N - a wand of iceblast (4)
 O - a wand of charming (3)
Scrolls
 a - 2 scrolls of poison
 c - 6 scrolls of torment
 p - 4 scrolls of fear
 r - 2 scrolls of revelation
 u - a scroll of teleportation
 v - 2 scrolls of brand weapon {unknown}
 w - 2 scrolls of fog
 A - a scroll of blinking
 B - 9 scrolls of identify
 D - a scroll of vulnerability
 F - a scroll of enchant weapon
Potions
 b - a potion of invisibility
 e - 16 potions of curing
 h - 7 potions of lignification
 j - a potion of haste
 l - 2 potions of might
 m - 4 potions of heal wounds
 C - 5 potions of resistance
 J - 2 potions of enlightenment
 K - 2 potions of magic
 P - a potion of attraction
 Q - a potion of mutation
 R - a potion of ambrosia


   Skills:
 + Level 16.0 Fighting
 + Level 17.9 Axes
 + Level 1.2 Throwing
 + Level 12.8 Armour
 + Level 6.9 Dodging
 + Level 2.9 Stealth
 + Level 14.0 Shields


You had 16 spell levels left.
You didn't know any spells.
Your spell library was empty.

Dungeon Overview and Level Annotations

Branches:
Dungeon (15/15)            Temple (0/1) D:6            Lair (0/5) D:11
    Orc (2/2) D:10            Elf (1/3) Orc:2        Vaults (2/5) D:13
  Crypt (0/3) Vaults:2     Depths (0/4) D:15        Ossuary (visited)

Altars:
Fedhas
Gozag
Makhleb
Nemelex Xobeh

Shops:
D:5 =   Orc:2 ==(!

Annotations:
Vaults:1 3 runed translucent doors
Vaults:2 Xtahua


Innate Abilities, Weirdness & Mutations

You are immune to sickness and miasma.
Your stone body is resilient. (AC +12)
You are immune to poison.
Your large and strong wings let you fly.
You resist negative energy. (rN+)
You are resistant to electric shocks. (rElec)
You are resistant to unholy torment.
You are immune to petrification.
You are clumsy. (Dex -2)
You are dopey. (Int -2)
You are robust. (+10% HP)


Message History

The yaktaur captain hits you!
Unknown command.
You slash Xtahua!
Xtahua looks as sick as possible!
Xtahua is moderately wounded.
You slash the yaktaur captain!
The yaktaur captain looks as sick as possible!
Xtahua roars overwhelmingly at you! You resist with almost no effort.
Unknown command.
You barely miss Xtahua.
Xtahua is moderately wounded.
You hit the yaktaur captain.
The yaktaur captain looks as sick as possible!
You block the yaktaur captain's attack.
Unknown command.
You slash Xtahua!
Xtahua looks as sick as possible!
Xtahua is heavily wounded.
You hit the yaktaur captain.
The yaktaur captain looks as sick as possible!
Xtahua breathes fire at you. The searing blast hits you!!!!
Ouch! That really hurt!
* * * LOW HITPOINT WARNING * * *
You slice Xtahua!!
Xtahua is severely wounded.
You slash the yaktaur captain!
You are engulfed in blazing flames.
* * * LOW HITPOINT WARNING * * *
The yaktaur captain hits you but does no damage.
Unknown command.
You block Xtahua's attack. x2; Xtahua tramples you!
* * * LOW HITPOINT WARNING * * *
You hold your ground!
Things that are here:
a +0 war axe; a +0 scale mail Unknown command.
You hit Xtahua.
Xtahua is severely wounded.
The yaktaur captain wields a +2 arbalest of freezing.
It is covered in frost.
The yaktaur captain shoots a bolt.
The bolt hits you!!
You die...

#.#..##. #.###.#.
###############.......
.'..........#########
. #..........#### ..#
#...>.$....#..##
....#......!...'..'.
#......D)..[[).'..#
#..@☼c.))[[#
#.#######'## ..
#...[..# . #).
#...)).##'## #.
#....).'...' #
#)..[..#...#
#......########
#......# #...#
#'#########...#


You could see Xtahua (soul bound, extremely poisoned) and a yaktaur captain
(soul bound, extremely poisoned).

Vanquished Creatures
  Norris (Vaults:1)
  Jory (Vaults:2)
  Rupert (D:15)
  2 sphinxes
  A shadow dragon (Vaults:1)
  Aizul (Vaults:2)
  Roxanne (D:15)
  5 vault wardens
  A ghoul (Vaults:2)
  10 ironbound preservers
  2 formless jellyfish
  An orc warlord (Orc:2)
  3 ironbound thunderhulks
  Nessos (D:13)
  An eidolon (Vaults:2)
  An ettin (Orc:2)
  A fire dragon (D:14)
  An entropy weaver (Vaults:1)
  A great orb of eyes (Vaults:1)
  Harold (D:9)
  6 yaktaur captains
  6 ironbound frosthearts
  A sphinx zombie (Vaults:2)
  A death knight (Vaults:2)
  13 centaur warriors
  5 two-headed ogres
  3 boulder beetles
  4 tengu warriors
  An orc high priest (Orc:2)
  A vampire mage (D:15)
  2 skeletal warriors (D:15)
  Lodul (D:13)
  An arcanist (Vaults:2)
  4 skysharks (Vaults:1)
  A storm dragon skeleton (D:15)
  A glowing orange brain (Vaults:2)
  31 deep trolls
  8 lindwurms (Vaults:1)
  5 ironbound convokers
  4 necromancers
  A phantasmal warrior (Vaults:1)
  6 orc knights
  4 harpies (Vaults:1)
  2 deep elf pyromancers
  5 manticores
  A human zombie (Vaults:2)
  7 orc sorcerers
  5 cyclopes
  2 ugly things
  A human skeleton (Vaults:1)
  Joseph (D:7)
  An elephant (D:11)
  A fire giant skeleton (Vaults:2)
  An unseen horror (D:11)
  A gargoyle (D:11)
  9 vault sentinels
  2 freezing wraiths
  5 kobold demonologists
  Maggie (D:6)
  A yaktaur zombie (Vaults:2)
  Jeremiah (D:7)
  2 komodo dragons
  Psyche (D:9)
  2 tengu conjurers (D:15)
  12 yaktaurs
  6 trolls
  3 meliai (D:14)
  Grinder (D:5)
  9 saltlings (Orc:2)
  A spriggan zombie (D:15)
  A human simulacrum (Vaults:2)
  13 slime creatures
  Sigmund (D:5)
  A spriggan skeleton (D:15)
  A deep troll skeleton (Vaults:1)
  A vampire (D:13)
  3 shadows
  11 yaks (D:9)
  A jumping spider (Vaults:1)
  A yak (shapeshifter) (D:13)
  2 basilisks
  A human (D:13)
  A steam dragon (D:8)
  2 redbacks (Vaults:1)
  6 wargs
  A water moccasin (D:6)
  Duvessa (D:5)
  A glowing shapeshifter skeleton (Vaults:1)
  An ice beast (D:7)
  19 orc warriors
  A black bear (D:5)
  9 centaurs
  8 boggarts (D:15)
  10 ogres
  A phantom (D:6)
  3 kobold brigands
  6 bullfrogs
  2 scorpions
  14 wights
  4 water moccasin zombies (Ossuary)
  Dowan (D:5)
  11 killer bees
  2 howler monkeys (D:13)
  3 hounds
  3 jellies
  Crazy Yiuf (D:7)
  18 orc priests
  18 orc wizards
  2 iguanas
  2 mummies (Ossuary)
  8 gnolls
  13 adders
  2 shadow imps
  10 ufetubi
  2 adder zombies (Ossuary)
  A worm (D:2)
  4 dart slugs
  75 orcs
  5 ball pythons
  2 endoplasms
  A giant cockroach (D:2)
  5 goblins
  6 hobgoblins
  17 kobolds
  A quokka (D:2)
  5 bats
  3 frilled lizards
  5 hobgoblin zombies (Ossuary)
  A kobold zombie (Ossuary)
  3 orc zombies (Ossuary)
  10 rats
  2 spectral weapons (Vaults:2)
600 creatures vanquished.

Vanquished Creatures (collateral kills)
  Jorgrun (D:13)
  Donald (Vaults:1)
  An orc warlord (Orc:2)
  A hydra (D:13)
  An ironbound frostheart (Vaults:2)
  A deep troll (Vaults:1)
  An ugly thing (D:11)
  A troll (D:11)
  A yak (D:11)
  2 basilisks (D:11)
  2 orc warriors (Orc:2)
  An orc priest (Orc:2)
  3 orcs
17 creatures vanquished.

Vanquished Creatures (others)
  Asterion (Vaults:2)
1 creature vanquished.

Grand Total: 618 creatures vanquished

Notes
Turn   | Place    | Note
-------+----------+-------------------------------------------
     0 | D:1      | Gargoyl the Gargoyle Berserker began the quest for the Orb.
     0 | D:1      | Reached XP level 1. HP: 14/14 MP: 1/1
   103 | D:1      | Reached XP level 2. HP: 13/19 MP: 2/2
   372 | D:1      | Reached skill level 3 in Axes
   455 | D:1      | Reached XP level 3. HP: 24/24 MP: 3/3
   662 | D:2      | Reached ** piety under Trog
   663 | D:2      | Reached skill level 1 in Stealth
   845 | D:2      | Reached XP level 4. HP: 27/29 MP: 4/4
  1073 | D:2      | Reached XP level 5. HP: 30/34 MP: 5/5
  1676 | D:3      | Identified the ring "Amymev" {rC+ EV+5}
  1854 | D:3      | Reached *** piety under Trog
  1999 | D:3      | Found a faded altar of an unknown god.
  2072 | D:3      | Reached skill level 4 in Axes
  2077 | D:3      | Reached skill level 1 in Shields
  2177 | D:4      | Reached XP level 6. HP: 39/39 MP: 6/6
  3427 | D:5      | Entered Level 5 of the Dungeon
  3443 | D:5      | Reached XP level 7. HP: 44/44 MP: 7/7
  3473 | D:5      | Reached skill level 5 in Axes
  3495 | D:5      | Noticed Grinder
  3507 | D:5      | Paralysed by Grinder for 3 turns
  3513 | D:5      | Killed Grinder
  3514 | D:5      | Reached skill level 5 in Fighting
  3662 | D:5      | Reached XP level 8. HP: 49/49 MP: 8/8
  3695 | D:5      | Reached skill level 6 in Axes
  3697 | D:5      | Noticed Dowan
  3697 | D:5      | Noticed Sigmund
  3698 | D:5      | Noticed Duvessa
  3713 | D:5      | Killed Sigmund
  3732 | D:5      | Killed Duvessa
  3740 | D:5      | Killed Dowan
  3773 | D:5      | Found Ukismigh's Jewellery Emporium.
  3941 | D:6      | Found a staircase to the Ecumenical Temple.
  4185 | D:6      | Reached skill level 7 in Axes
  4358 | D:6      | Reached XP level 9. HP: 55/55 MP: 9/9
  4400 | D:6      | Found a sand-covered staircase.
  4405 | Ossuary  | Entered an ossuary
  4509 | Ossuary  | Reached skill level 8 in Axes
  4658 | D:6      | Noticed Maggie
  4674 | D:6      | Killed Maggie
  5086 | D:7      | Noticed Joseph
  5098 | D:7      | Killed Joseph
  5099 | D:7      | Reached skill level 5 in Armour
  5130 | D:7      | Found a runed translucent door.
  5131 | D:7      | Noticed Crazy Yiuf
  5207 | D:7      | Noticed Jeremiah
  5236 | D:7      | Reached skill level 9 in Axes
  5353 | D:7      | Killed Jeremiah
  5354 | D:7      | Reached XP level 10. HP: 63/63 MP: 10/10
  5831 | D:7      | Noticed a kobold demonologist
  5840 | D:7      | Noticed a kobold demonologist
  5845 | D:7      | Killed a kobold demonologist
  5861 | D:7      | Killed a kobold demonologist
  5862 | D:7      | Reached skill level 10 in Axes
  5992 | D:7      | Killed Crazy Yiuf
  5993 | D:7      | Reached skill level 5 in Shields
  6182 | D:8      | Found a sparkling altar of Nemelex Xobeh.
  6255 | D:8      | Found an opulent altar of Gozag.
  6408 | D:8      | Reached **** piety under Trog
  6619 | D:9      | Identified the +0 ring mail "Koryl" {Harm Str+2}
  6695 | D:9      | Noticed a purple ugly thing
  6695 | D:9      | Noticed a manticore
  6696 | D:9      | Noticed a tengu warrior
  6709 | D:9      | Killed a purple ugly thing
  6711 | D:9      | Killed a tengu warrior
  6712 | D:9      | Reached skill level 11 in Axes
  6712 | D:9      | Reached XP level 11. HP: 66/68 MP: 11/11
  6712 | D:9      | Killed a manticore
  6747 | D:9      | Identified the +11 flail of Xifabb {heavy, Str-2 Int+6
                  | SInv}
  6754 | D:9      | Noticed a manticore
  6773 | D:9      | Killed a manticore
  6796 | D:9      | Noticed a manticore
  6812 | D:9      | Killed a manticore
  6907 | D:9      | Noticed Harold
  6918 | D:9      | Killed Harold
  6945 | D:9      | Noticed Psyche
  6955 | D:9      | Killed Psyche
  7011 | D:9      | Found a blossoming altar of Fedhas.
  7398 | D:9      | Reached skill level 12 in Axes
  7517 | D:10     | Entered Level 10 of the Dungeon
  7555 | D:10     | Found a staircase to the Orcish Mines.
  7835 | D:10     | Noticed a two-headed ogre
  7846 | D:10     | Killed a two-headed ogre
  7870 | D:10     | Noticed a two-headed ogre
  7878 | D:10     | Killed a two-headed ogre
  8236 | D:11     | Noticed a boulder beetle
  8236 | D:11     | Noticed a red ugly thing
  8244 | D:11     | Killed a red ugly thing
  8251 | D:11     | Reached XP level 12. HP: 47/76 MP: 12/12
  8251 | D:11     | Killed a boulder beetle
  8256 | D:11     | Reached skill level 5 in Dodging
  8258 | D:11     | Found a staircase to the Lair.
  8335 | D:11     | Noticed a boulder beetle
  8512 | D:11     | Reached skill level 13 in Axes
  9100 | D:12     | Noticed a centaur warrior
  9111 | D:12     | Killed a centaur warrior
  9460 | D:13     | Noticed a tengu warrior
  9460 | D:13     | Noticed a centaur warrior
  9469 | D:13     | Killed a centaur warrior
  9470 | D:13     | Killed a tengu warrior
  9486 | D:13     | Noticed Jorgrun
  9500 | D:13     | Killed Jorgrun
  9501 | D:13     | Reached skill level 10 in Fighting
  9607 | D:13     | Noticed Nessos
  9638 | D:13     | Killed Nessos
  9816 | D:13     | Noticed a seven-headed hydra
  9826 | D:13     | Killed a seven-headed hydra
  9964 | D:13     | Noticed a centaur warrior
  9974 | D:13     | Killed a centaur warrior
 10085 | D:13     | Reached XP level 13. HP: 66/82 MP: 13/13
 10096 | D:13     | Reached skill level 14 in Axes
 10302 | D:13     | Reached skill level 1 in Throwing
 10437 | D:13     | Noticed Lodul
 10449 | D:13     | Killed Lodul
 10708 | D:13     | Found a gate to the Vaults.
 11104 | D:14     | Found a burning altar of Makhleb.
 11168 | D:14     | Noticed a fire dragon
 11182 | D:14     | Killed a fire dragon
 11464 | D:15     | Entered Level 15 of the Dungeon
 11622 | D:15     | Noticed Rupert
 11639 | D:15     | Killed Rupert
 11640 | D:15     | Reached skill level 15 in Axes
 11722 | D:15     | Noticed Roxanne
 11748 | D:15     | Killed Roxanne
 11883 | D:15     | Found a staircase to the Depths.
 11898 | D:15     | Gained mutation: Your large and strong wings let you fly.
                  | [Gargoyle growth]
 11898 | D:15     | Reached XP level 14. HP: 82/91 MP: 14/14
 12336 | D:15     | Reached skill level 10 in Armour
 12550 | Orc:1    | Entered Level 1 of the Orcish Mines
 12765 | Orc:1    | Reached ***** piety under Trog
 13111 | Orc:2    | Entered Level 2 of the Orcish Mines
 13111 | Orc:2    | Found a staircase to the Elven Halls.
 13138 | Orc:2    | Noticed an orc warlord
 13202 | Orc:2    | Killed an orc warlord
 13225 | Orc:2    | Reached skill level 16 in Axes
 13724 | Orc:2    | Noticed an orc warlord
 13735 | Orc:2    | Found Imunoip's Distillery.
 13755 | Orc:2    | Killed an orc warlord
 13796 | Orc:2    | Bought a potion of curing for 42 gold pieces
 13796 | Orc:2    | Bought a potion of curing for 42 gold pieces
 13796 | Orc:2    | Bought a potion of heal wounds for 70 gold pieces
 13796 | Orc:2    | Bought a potion of curing for 42 gold pieces
 13796 | Orc:2    | Bought a potion of mutation for 112 gold pieces
 13796 | Orc:2    | Bought a potion of ambrosia for 112 gold pieces
 13819 | Orc:2    | Found Vagymyh's Jewellery Shoppe.
 13843 | Orc:2    | Found Tuhith's Jewellery Shoppe.
 13860 | Orc:2    | Bought an amulet of reflection for 300 gold pieces
 13891 | Orc:2    | Reached skill level 10 in Shields
 13900 | Orc:2    | Found Dukec's Weapon Shoppe.
 14094 | D:10     | Upgraded the game from 0.31-a0-931-g7b59d4eb97 to
                  | 0.31-a0-934-gf4fcaacff8
 14314 | IceCv    | Identified the "Unwam"
 14314 | Vaults:5 | Identified the "Getar"
 14314 | Vaults:5 | Identified the of Aqywegho
 14314 | Crypt:1  | Identified the "Emyciz"
 14314 | Elf:1    | Entered Level 1 of the Elven Halls
 14426 | Vaults:1 | Entered Level 1 of the Vaults
 14449 | Vaults:1 | Found a runed translucent gate.
 14449 | Vaults:1 | Found a runed translucent gate.
 14449 | Vaults:1 | Found a runed translucent gate.
 14449 | Vaults:1 | Noticed a tentacled monstrosity
 14449 | Vaults:1 | Noticed a cyan very ugly thing
 14449 | Vaults:1 | Noticed a cyan very ugly thing
 14449 | Vaults:1 | Noticed a brown very ugly thing
 14449 | Vaults:1 | Noticed a purple very ugly thing
 14450 | Vaults:1 | Noticed a green very ugly thing
 14450 | Vaults:1 | Noticed a red very ugly thing
 14450 | Vaults:1 | Noticed a tentacled monstrosity
 14451 | Vaults:1 | Noticed a cyan very ugly thing
 14581 | Vaults:1 | Noticed a vault warden
 14594 | Vaults:1 | Killed a vault warden
 14595 | Vaults:1 | Reached XP level 15. HP: 56/99 MP: 15/15
 14600 | Vaults:1 | Noticed Donald
 14612 | Vaults:1 | Killed Donald
 14977 | Vaults:1 | Noticed a vault warden
 14995 | Vaults:1 | Killed a vault warden
 15993 | Vaults:1 | Noticed a shadow dragon
 16012 | Vaults:1 | Reached skill level 17 in Axes
 16023 | Vaults:1 | Killed a shadow dragon
 16073 | Vaults:1 | Noticed a sphinx
 16080 | Vaults:1 | Killed a sphinx
 16093 | Vaults:1 | Noticed a vault warden
 16107 | Vaults:1 | Killed a vault warden
 16455 | Vaults:1 | Reached XP level 16. HP: 89/107 MP: 16/16
 16760 | Vaults:1 | Reached skill level 15 in Fighting
 17183 | Vaults:1 | Noticed Norris
 17195 | Vaults:1 | Killed Norris
 17381 | Vaults:1 | Noticed a tentacled monstrosity
 17556 | Vaults:2 | Noticed Asterion
 17558 | Vaults:2 | Noticed an Executioner
 17568 | Vaults:2 | Killed Asterion
 17679 | Vaults:2 | Found a staircase to the Crypt.
 18333 | Vaults:2 | Noticed Jory
 18356 | Vaults:2 | Killed Jory
 18675 | Vaults:2 | Identified the +4 falchion "Buin" {holy, *Rage rPois rC+++
                  | Int-5}
 18760 | Vaults:2 | Noticed a sphinx
 18775 | Vaults:2 | Killed a sphinx
 18780 | Vaults:2 | Gained mutation: You have sharp toenails. [potion of
                  | mutation]
 18780 | Vaults:2 | Gained mutation: You have a pair of small horns on your
                  | head. [potion of mutation]
 18781 | Vaults:2 | Lost mutation: You have sharp toenails. [potion of
                  | mutation]
 18781 | Vaults:2 | Lost mutation: You have a pair of small horns on your head.
                  | [potion of mutation]
 18781 | Vaults:2 | Gained mutation: You are robust. (+10% HP) [potion of
                  | mutation]
 18781 | Vaults:2 | Gained mutation: You are dopey. (Int -2) [potion of
                  | mutation]
 18781 | Vaults:2 | Gained mutation: You are clumsy. (Dex -2) [potion of
                  | mutation]
 19046 | Vaults:2 | Reached XP level 17. HP: 125/125 MP: 17/17
 19098 | Vaults:2 | Noticed Aizul
 19250 | Vaults:2 | Killed Aizul
 19467 | Vaults:2 | Noticed Xtahua
 19481 | Vaults:2 | Shot with a bolt by a yaktaur captain

Illustrated notes

Levels and vault maps discovered:
D:1:      giann_bridges, layout_basic
D:2:      cheibrodos_pilgrimage, layout_rooms, serial_co_window_serial,
          co_window_paths_b, co_window_of_opportunity_a, co_window_corner_a,
          co_window_corner_a, co_window_of_opportunity_a, co_window_corner_ca,
          co_window_2corner, co_window_unsneaky_path_a, co_window_4corner_a,
          co_window_paths_d, glass_columns_a, glass_columns_b, glass_columns_b,
          glass_columns_c
D:3:      layout_rooms, shapermc_ecumenical_altar_mp_ritualfount,
          minmay_checkerbox
D:4:      layout_loops_ring
D:5:      layout_rooms, serial_shops, shop, uniq_sigmund, uniq_duvessa,
          uniq_grinder
D:6:      layout_basic, minmay_temple_entry_waves, enter_ossuary_2, uniq_maggie
D:7:      layout_loops_ring, uniq_joseph, uniq_jeremiah, uniq_crazy_yiuf_cottage
D:8:      layout_basic, grunt_gozag_statues, mainiacjoe_overflow_catwalk
D:9:      minmay_cut_squares, layout_cave_pods, fedhas_bush_and_centaur_altar,
          uniq_harold, uniq_psyche
D:10:     hellmonk_destroyed_diamonds, layout_long_grid, erik_orc_4
D:11:     layout_roguey, david_lair_generic, kennysheep_island_fort
D:12:     layout_loops_ring
D:13:     layout_grid_maze, hellmonk_vaults_keyhole, uniq_nessos, uniq_lodul,
          uniq_jorgrun
D:14:     layout_roguey, lemuel_crystal_altar
D:15:     gammafunk_depths_entry_grave, layout_basic, palyth_stone_intersect,
          uniq_roxanne, uniq_rupert
Orc:1:    layout_caves, basic_altar
Orc:2:    hellmonk_orc_salted, layout_diamond_mine, basic_altar
Elf:1:    layout_loops_cross, serial_shops, nicolae_shop_statue_plus,
          hangedman_elf_represent, lemuel_statue_altar,
          nicolae_elf_crossing_hall
Vaults:1: ploomutoo_gammafunk_ghost_potion_laboratory,
          nicolae_vaults_good_morning_starshine, v_misc_11,
          vaults_mumra_minichess, nicolae_vaults_trapezoid_lopsided_4,
          nicolae_vaults_tetromino_Z_2, ontoclasm_vaults_eye, v_rooms_5,
          layout_vaults_omnigrid, serial_shops, uniq_donald, uniq_norris
Vaults:2: v_misc_19, nicolae_vaults_yaktaur_gun_rack, v_rooms_2,
          nicolae_vaults_little_squares_1, nicolae_vaults_network_barrier,
          nicolae_vaults_tetromino_T_2, vaults_room_stairs_pillars,
          nicolae_vaults_big_ls, nicolae_vaults_diamond_1,
          minmay_crypt_entry_simple_corners, ontoclasm_vaults_ligature,
          nicolae_vaults_network_square, nicolae_vaults_double_plus_2,
          layout_vaults_maze_snakey, uniq_jory, uniq_asterion, uniq_aizul,
          uniq_xtahua

Skill      XL: |  1  2  3  4  5  6  7  8  9 10 11 12 13 14 15 16 17 |
---------------+----------------------------------------------------+-----
Axes           | 3 4 5 7 9 11 12 13 15 16 17 | 17.9
Stealth        | 1 2 |  2.9
Fighting       | 4 5 7 8 9 10 11 13 14 15 16 | 16.0
Dodging        | 2 3 4 5 6 |  6.9
Shields        | 1 2 3 4 6 7 8 9 10 11 13 14 | 14.0
Armour         | 3 4 5 6 7 9 10 11 12 | 12.8
Throwing       | 1 |  1.2

Action                     |  1- 3 |  4- 6 |  7- 9 | 10-12 | 13-15 | 16-18 || total
---------------------------+-------+-------+-------+-------+-------+-------++-------
  Melee: Hand axe          |    91 |   211 |   376 |   227 |       |       ||   905
         War axe           |       |       |       |   205 |   816 |   384 ||  1405
  Throw: Dart              |       |       |       |     2 |     1 |       ||     3
 Invoke: Berserk           |       |     6 |     8 |     8 |    16 |     7 ||    45
         Trog's Hand       |       |       |     9 |     6 |    15 |    10 ||    40
         Brothers in Arms  |       |       |       |     3 |     3 |     6 ||    12
    Use: Scroll            |     6 |     5 |     5 |    12 |     1 |     3 ||    32
         Potion            |       |       |       |       |     1 |     2 ||     3
   Stab: Sleeping          |       |     1 |       |       |       |       ||     1
         Distracted        |       |       |       |       |     1 |       ||     1
 Armour: Animal skin       |    41 |    65 |       |       |       |       ||   106
         Chain mail        |       |     2 |   156 |   277 |   501 |   227 ||  1163
         Plate armour      |       |       |       |       |       |    86 ||    86
  Dodge: Dodged            |    77 |   196 |   329 |   426 |   630 |   336 ||  1994
  Block: Buckler           |     7 |    56 |    82 |   185 |   379 |   314 ||  1023
         Reflection        |       |       |       |       |    12 |     5 ||    17

Table legend: (Time is in decaauts)
 A = Elapsed time spent in this place.
 B = Non-inter-level travel time spent in this place.
 C = Inter-level travel time spent in this place.
 D = Time resting spent in this place.
 E = Time spent auto-exploring this place.
 F = Levels seen in this place.
 G = Mean time per level.
                   A        B        C        D        E       F      G
               +--------+--------+--------+--------+--------+-----+--------+
         Total |  19487 |  18280 |   1207 |   2102 |  11665 |  21 |  928.0 |
       Dungeon |  12924 |  11865 |   1059 |    338 |   8500 |  15 |  861.6 |
  Orcish Mines |   1466 |   1348 |    118 |     56 |    856 |   2 |  733.0 |
   Elven Halls |      1 |      1 |      0 |      0 |      0 |   1 |    1.0 |
        Vaults |   4947 |   4919 |     28 |   1707 |   2255 |   2 | 2473.5 |
       Ossuary |    147 |    147 |      0 |      0 |     53 |   1 |  147.0 |
               +--------+--------+--------+--------+--------+-----+--------+

Top non-repeatable levels by time:
Vaults:1: 3071 daAuts
Vaults:2: 1876 daAuts
     D:2: 1707 daAuts
    D:13: 1536 daAuts
     D:7: 1072 daAuts
     D:6: 979 daAuts
    D:15: 967 daAuts
     D:9: 943 daAuts
    D:10: 881 daAuts
   Orc:2: 843 daAuts
    D:14: 738 daAuts
     D:1: 664 daAuts
    D:11: 651 daAuts
    D:12: 636 daAuts
     D:3: 629 daAuts
